 Dungeon Crawl Stone Soup version 0.28.0-62-gf88900778d (webtiles) character file.

Game seed: 2212493454203042968

35 mopl the Skirmisher (level 3, -2/33 HPs)
             Began as a Hill Orc Fighter on Dec 28, 2023.
             Slain by a gnoll
             ... wielding a +0 flail
              (7 damage)
             ... on level 3 of the Dungeon.
             The game lasted 00:01:08 (1361 turns).

mopl the Skirmisher (Hill Orc Fighter)              Turns: 1361, Time: 00:01:09

Health: -2/33      AC:  8    Str: 18    XL:     3   Next: 33%
Magic:  3/3        EV:  9    Int:  8    God:
Gold:   85         SH:  4    Dex: 12    Spells: 2/2 levels left

rFire   . . .      SeeInvis .   a - +0 war axe
rCold   . . .      Faith    .   c - +0 buckler
rNeg    . . .      Spirit   .   b - +0 scale mail
rPois   .          Reflect  .   (no helmet)
rElec   .          Harm     .   (no cloak)
rCorr   .          Rampage  .   f - +0 pair of gloves
Will    .....                   (no boots)
Stlth   ..........              (no amulet)
HPRegen 0.11/turn               (no ring)
MPRegen 0.08/turn               (no ring)

@: lethally poisoned (-2 -> -4)
A: no striking features
a: no special abilities


You were on level 3 of the Dungeon.
You visited 1 branch of the dungeon, and saw 3 of its levels.

You collected 85 gold pieces.

Inventory:

Hand Weapons
 a - a +0 war axe (weapon)
Armour
 b - a +0 scale mail (worn)
 c - a +0 buckler (worn)
 f - a +0 pair of gloves (worn)
Scrolls
 e - a scroll of enchant weapon {unknown}
 g - a scroll of identify {unknown}
 h - a scroll of amnesia {unknown}
 j - a scroll of teleportation {unknown}
Potions
 d - a potion of might
 i - a potion of curing {unknown}
 k - a potion of heal wounds {unknown}


   Skills:
 + Level 4.0 Fighting
 + Level 3.3 Axes
 + Level 3.7 Armour
 + Level 1.0 Dodging
 - Level 3.2 Shields


You had 2 spell levels left.
You didn't know any spells.
Your spell library contained the following spells:

 Spells                   Type           Power      Damage    Failure   Level
 Blink                    Tloc           0%         N/A       95%         2
 Gell's Gravitas          Tloc           0%         N/A       99%         3
 Lesser Beckoning         Tloc           0%         N/A       99%         3
 Teleport Other           Tloc           0%         N/A       99%         3
 Manifold Assault         Tloc           0%         N/A       100%        5
 Dispersal                Tloc           0%         N/A       100%        6


Dungeon Overview and Level Annotations

Branches:
Dungeon (3/15)

Altars:


Message History

You climb downwards.
The kobold shouts!
Found 7 gold pieces.
There is a stone staircase leading up here.
You completely miss the gnoll. The gnoll hits you with a +0 flail.
The kobold throws a poisoned dart.
The poisoned dart hits you!
You are poisoned.
The gnoll hits you but does no damage.
You hit the gnoll.
The gnoll is moderately wounded.
You feel very sick.
The kobold throws a poisoned dart.
The poisoned dart hits you!
You are more poisoned.
The gnoll barely misses you.
You hit the gnoll.
The gnoll is severely wounded.
You feel very sick. The gnoll hits you but does no damage.
The kobold closely misses you.
You hit the gnoll but do no damage.
The gnoll is severely wounded.
You hit the kobold but do no damage.
You feel very sick. The gnoll hits you but does no damage.
The kobold hits you but does no damage. The gnoll barely misses you.
You barely miss the gnoll.
The gnoll is severely wounded.
You closely miss the kobold.
You feel sick. The kobold hits you but does no damage.
The gnoll hits you with a +0 flail!
You hit the kobold.
You kill the kobold!
You hit the gnoll.
You feel sick. The gnoll barely misses you.
You feel sick. You block the gnoll's attack.
Things that are here:
a +0 short sword; 7 poisoned darts You completely miss the gnoll.
The gnoll is severely wounded.
You feel sick. The gnoll hits you with a +0 flail.
* * * LOW HITPOINT WARNING * * *
The gnoll hits you with a +0 flail!
You die...

+.... $....
#...# .....
###...##.....
#..........#
#..........#
#..........#.
+............
#....<....#
#...g@....#
#.........#
#.........#
####.###+##
#. #. #. #.


You could see a gnoll.

Vanquished Creatures
  A dart slug (D:2)
  2 bats
  6 endoplasms (D:1)
  A goblin (D:1)
  3 hobgoblins
  3 quokkas
  6 ball pythons
  3 frilled lizards (D:1)
  4 kobolds
29 creatures vanquished.

Notes
Turn   | Place    | Note
-------+----------+-------------------------------------------
     0 | D:1      | mopl the Hill Orc Fighter began the quest for the Orb.
     0 | D:1      | Reached XP level 1. HP: 19/19 MP: 1/1
    20 | D:1      | Reached XP level 2. HP: 27/27 MP: 2/2
    25 | D:1      | Reached skill level 3 in Axes
   621 | D:1      | Reached skill level 4 in Fighting
   819 | D:1      | Reached XP level 3. HP: 33/33 MP: 3/3
   920 | D:1      | Found a faded altar of an unknown god.
  1201 | D:2      | Reached skill level 1 in Dodging
  1361 | D:3      | Slain by a gnoll

Illustrated notes

Levels and vault maps discovered:
D:1:      lemuel_arrival_behind_the_door_large, layout_basic,
          shapermc_ecumenical_altar_mp_highgroup, feat_on_display
D:2:      layout_loops_corners, minmay_between
D:3:      layout_basic, dk_vineyard_3

Skill      XL: |  1  2  3 |
---------------+----------+-----
Axes           | 3 |  3.3
Fighting       | 4 |  4.0
Dodging        | 1 |  1.0
Armour         | |  3.7
Shields        | |  3.2

Action                   || total
-------------------------++-------
Melee: War axe           ||    85
Armor: Scale mail        ||    48
Dodge: Dodged            ||    34
Block: Buckler           ||    10
